 Dungeon Crawl Stone Soup version 0.20.0-4-g10b340a (webtiles) character file.

24917 Monsterracer the Martial Artist (level 13, -2/93 HPs)
             Began as a Naga Transmuter on May 27, 2017.
             Was the Champion of Cheibriados.
             Slain by a fire bat (4 damage)
             ... on level 1 of the Abyss.
             The game lasted 00:51:34 (17831 turns).

Monsterracer the Martial Artist (Naga Transmuter)  Turns: 17831, Time: 00:51:36

Health: -2/93      AC: 20    Str: 27      XL:     13   Next: 16%
Magic:  17/19      EV: 17    Int: 35 (36) God:    Cheibriados [******]
Gold:   490        SH:  0    Dex: 31      Spells: 4/16 levels left

rFire    + . .     SeeInvis +     - Unarmed
rCold    . . .     Gourm    .   (shield currently unavailable)
rNeg     . . .     Faith    +   l - +2 robe {rF+}
rPois    +         Spirit   .   y - +1 helmet
rElec    .         Reflect  .   w - +2 cloak
rCorr    .         Harm     .   (gloves currently unavailable)
MR       +....     Rnd*Rage +   (no barding) Stlth ++........Rnd*Tele +
                                k - amulet of faith
Regen    0.3/turn               i - +4 ring of protection
MPRegen  0.2/turn               c - +3 ring of protection

@: blade hands, berserk cooldown, slowed, very slow
A: see invisible, agile 2, [berserk 3], clever 1, deformed body, deterioration
1, [frail 2], poison resistance, [screaming 2], slowness 2, slow metabolism 1,
spit poison 1, [teleportitis 3], [subdued magic 2], constrict 1, AC +4
a: Spit Poison, End Transformation, Bend Time, Temporal Distortion, Slouch, Step
From Time, Renounce Religion


You were on level 1 of the Abyss.
You worshipped Cheibriados.
Cheibriados was exalted by your worship.
You were not hungry.
You had blades for hands.
You visited 3 branches of the dungeon, and saw 14 of its levels.
You visited the Abyss 1 time.
You also visited: Sewer.

You collected 789 gold pieces.
You spent 299 gold pieces at shops.

Inventory:

Missiles
 r - 25 tomahawks (quivered)
 C - 12 javelins
 H - a throwing net
Armour
 l - a +2 robe of fire resistance (worn)
 w - a +2 cloak (worn)
 y - a +1 helmet (worn)
 D - a +0 pair of gloves (melded)
Jewellery
 b - an uncursed ring of protection from cold
 c - a +3 ring of protection (right scythe-like blade)
 i - a +4 ring of protection (left scythe-like blade)
 k - an amulet of faith (around neck)
Wands
 a - a wand of flame (27/48)
 n - a wand of lightning (10/15)
 A - a wand of lightning (7/15)
 B - a wand of iceblast (8/15)
 E - a wand of confusion (22/48)
Scrolls
 e - 7 scrolls of teleportation
 f - 4 scrolls of amnesia
 g - 3 scrolls of blinking
 h - 5 scrolls of identify
 t - 7 scrolls of remove curse
 u - 4 scrolls of magic mapping
Potions
 j - 2 potions of curing
 o - 3 potions of might
 q - 3 potions of brilliance
 s - 2 potions of magic
 z - a potion of mutation
Comestibles
 d - 10 bread rations
 m - 5 meat rations
 p - 6 royal jellies
 v - 27 fruits


   Skills:
 + Level 8.2 Fighting
 + Level 4.2 Throwing
 + Level 4.0 Armour
 + Level 6.9 Dodging
 * Level 13.2 Unarmed Combat
 - Level 2.0 Spellcasting
 - Level 9.0 Transmutations
 - Level 2.0 Poison Magic
 + Level 8.0 Invocations


You had 4 spell levels left.
You knew the following spells:

 Your Spells              Type           Power        Failure   Level  Hunger
a - Ice Form              Ice/Tmut       ###.....     34%         4    ####...
b - Spider Form           Tmut/Pois      ####......   14%         3    ###....
c - Blade Hands           Tmut           #####.....   21%         5    ######.


Dungeon Overview and Level Annotations

Branches:
Dungeon (11/15)            Temple (1/1) D:6            Lair (2/6) D:11
  Swamp: Lair:2-4    Shoals: Lair:2-4     Snake: Lair:2-4    Spider: Lair:2-4
    Orc: D:9-12

Altars:
Ashenzari
Cheibriados
Dithmenos
Elyvilon
Fedhas
Gozag
Hepliaklqana
Kikubaaqudgha
Makhleb
Nemelex Xobeh
Okawaru
Qazlal
Ru
Sif Muna
Trog
Uskayaw
Vehumet
Xom
Yredelemnul
Zin
The Shining One
Beogh

Shops:
D:6 [   D:11 ((!

Annotations:
Lair:2 Sonja


Innate Abilities, Weirdness & Mutations

You cannot wear boots.
Your serpentine skin is tough. (AC +4)
You have supernaturally acute eyesight. (SInv)
Armour fits poorly on your strangely shaped body.
Your system is resistant to poisons. (rPois)
You cover ground very slowly.
You have a slow metabolism.
You can spit poison.
You can use your snake-like lower body to constrict enemies.
You are very agile. (Dex +4)
Your mind is acute. (Int +2)
Your body sometimes deteriorates upon taking damage.
[You have an uncontrollable temper.]
[You are very frail. (-20% HP)]
[You sometimes yell uncontrollably at your foes.]
[You are often teleported next to monsters.]
[Your spells are easier to cast, but less powerful.]


Message History

* * * LOW HITPOINT WARNING * * *
You slash the fire bat! You grab the fire bat.
The fire bat is severely wounded.
You constrict the fire bat.
The fire bat bites you but does no damage.
The fire bat barely misses you.
The fire bat struggles to escape constriction.
You are too berserk!
You slash the fire bat!
You kill the fire bat!
Cheibriados thoroughly appreciates the change of pace.
The fire bat bites you but does no damage.
You are no longer berserk.
You are exhausted.
You feel yourself slow down. The fire bat closely misses you.
The fire bat bites you but does no damage.
The fire bat bites you.
* * * LOW HITPOINT WARNING * * *
You are engulfed in flames.
You resist.
You die...

...#. .≈§§§ .≈≈§§.
..≈... ####.§§§.≈
#....§≈§≈≈
###########....§§§§≈
..........'@b.......
.#..#.#########.###
#.. .#......#
.#....### .#.#.
#.#...# ..## # # .
.# ..


You could see a fire bat.

Vanquished Creatures
  2 tentacled starspawn (Abyss:1)
  Harold (Lair:1)
  A hydra (D:8)
  3 two-headed ogres
  A thrashing horror (Abyss:1)
  Urug (D:10)
  3 wretched stars (Abyss:1)
  An orc knight (D:10)
  A smoke demon (Abyss:1)
  A centaur skeleton (D:10)
  A gargoyle (D:10)
  2 komodo dragons
  2 spiny frogs (Lair:1)
  The ghost of Terandir the Shield-Bearer, an amateur MiFi (D:4)
  2 trolls
  A wolf spider simulacrum (D:10)
  3 hippogriffs
  A large abomination (Abyss:1)
  2 dream sheep (D:8)
  2 shadows (D:11)
  A wraith (D:10)
  A wyvern (D:11)
  Eustachio (D:5)
  An ice dragon skeleton (Abyss:1)
  13 yaks
  A fire bat (Abyss:1)
  2 basilisks (Lair:1)
  3 hungry ghosts
  A neqoxec (Abyss:1)
  A soldier ant (D:11)
  A porcupine (Lair:1)
  4 water moccasins
  2 hell hounds (D:11)
  An orc warrior (D:10)
  9 sky beasts
  An ice beast (D:11)
  A phantom (D:4)
  An eye of draining (D:9)
  5 centaurs
  4 ogres
  3 wolves (Lair:2)
  A necrophage (D:7)
  3 crocodiles
  7 big kobolds
  16 bullfrogs
  A wyvern zombie (D:6)
  A small abomination (Abyss:1)
  A wyvern skeleton (D:11)
  16 wights
  2 howler monkeys
  7 crimson imps
  A bullfrog zombie (D:4)
  A quasit (D:9)
  3 centaur zombies (D:11)
  2 hounds
  4 jellies (D:8)
  9 orc priests
  Crazy Yiuf (D:2)
  4 iguanas
  9 orc wizards
  11 worker ants
  A killer bee zombie (D:5)
  2 hound skeletons
  A howler monkey zombie (D:7)
  4 worker ant zombies
  11 gnolls
  19 adders
  A river rat (D:3)
  2 shadow imps
  A white imp (Abyss:1)
  An ooze (Sewer)
  An adder skeleton (D:4)
  5 worms
  4 dart slugs
  12 leopard geckos
  45 orcs
  5 bats
  8 giant cockroaches
  9 goblins
  6 hobgoblins
  2 jackals (D:1)
  6 quokkas
  9 ball pythons
  10 frilled lizards
  A jackal skeleton (D:5)
  2 jackal zombies
  14 kobolds
  10 rats
  A starspawn tentacle (Abyss:1)
382 creatures vanquished.

Vanquished Creatures (collateral kills)
  The ghost of GeneralBison the Skirmisher, a weakling DsMo (D:3)
1 creature vanquished.

Vanquished Creatures (others)
  A small abomination (Abyss:1)
  A starspawn tentacle (Abyss:1)
2 creatures vanquished.

Grand Total: 385 creatures vanquished

Notes
Turn   | Place    | Note
-------+----------+-------------------------------------------
     0 | D:1      | Monsterracer the Naga Transmuter began the quest for the Orb.
     0 | D:1      | Reached XP level 1. HP: 18/18 MP: 3/3
     9 | D:1      | Noticed a centaur
   427 | D:1      | Reached XP level 2. HP: 25/25 MP: 5/5
   431 | D:1      | Learned a level 2 spell: Sticks to Snakes
   838 | D:1      | Reached skill level 4 in Unarmed Combat
  1119 | D:1      | Reached XP level 3. HP: 26/31 MP: 4/6
  1137 | D:1      | Learned a level 3 spell: Spider Form
  1748 | D:2      | Found an ancient bone altar of Kikubaaqudgha.
  1757 | D:2      | Reached skill level 1 in Poison Magic
  1988 | D:2      | Reached XP level 4. HP: 27/38 MP: 0/7
  2632 | D:2      | Found a blossoming altar of Fedhas.
  2935 | D:2      | Found a runed door.
  2994 | D:3      | Reached skill level 5 in Unarmed Combat
  2994 | D:3      | Reached XP level 5. HP: 39/44 MP: 8/8
  3283 | D:3      | Noticed GeneralBison's ghost (weakling DsMo)
  3293 | D:3      | Killed GeneralBison's ghost
  3297 | D:3      | Found a glowing drain.
  3325 | Sewer    | Entered a sewer
  3672 | Sewer    | Noticed a big kobold
  3689 | Sewer    | Killed a big kobold
  3689 | Sewer    | Reached XP level 6. HP: 45/51 MP: 1/9
  3889 | Sewer    | Reached skill level 6 in Unarmed Combat
  4073 | Sewer    | Learned a level 5 spell: Blade Hands
  4910 | D:3      | Found a stormy altar of Qazlal.
  4916 | D:3      | Reached XP level 7. HP: 52/57 MP: 10/10
  4951 | D:4      | Noticed Terandir's ghost (amateur MiFi)
  5089 | D:4      | Killed Terandir's ghost
  5089 | D:4      | Reached skill level 7 in Unarmed Combat
  5551 | D:4      | Reached XP level 8. HP: 64/64 MP: 7/11
  5830 | D:4      | Found a bloodstained altar of Trog.
  5830 | D:4      | Found a glowing silver altar of Zin.
  5830 | D:4      | Found a glowing golden altar of the Shining One.
  5943 | D:4      | Reached skill level 5 in Transmutations
  5977 | D:5      | Entered Level 5 of the Dungeon
  6092 | D:5      | Noticed Eustachio
  6164 | D:5      | Killed Eustachio
  6164 | D:5      | Reached skill level 8 in Unarmed Combat
  7118 | D:6      | Found Loun's Antique Armour Emporium.
  7123 | D:6      | Bought a faintly glowing leather armour for 182 gold pieces
  7133 | D:6      | Identified the +0 leather armour of the Curious Eyes {+Inv rPois MR- Str+4} (You bought it in a shop on level 6 of the Dungeon)
  7466 | D:6      | Found a staircase to the Ecumenical Temple.
  7524 | Temple   | Entered the Ecumenical Temple
  7577 | Temple   | Became a worshipper of Cheibriados the Contemplative
  7718 | D:6      | Reached XP level 9. HP: 68/75 MP: 8/12
  7759 | D:6      | Reached skill level 1 in Invocations
  8110 | D:6      | Reached skill level 9 in Unarmed Combat
  8215 | D:6      | Reached * piety under Cheibriados
  8647 | D:7      | Gained mutation: You are agile. (Dex +2) [potion of mutation]
  8647 | D:7      | Gained mutation: Your body sometimes deteriorates upon taking damage. [potion of mutation]
  8647 | D:7      | Gained mutation: You are very agile. (Dex +4) [potion of mutation]
  9425 | D:2      | Noticed Crazy Yiuf
  9429 | D:2      | Killed Crazy Yiuf
  9807 | D:7      | Reached ** piety under Cheibriados
  9908 | D:6      | Bought a helmet for 117 gold pieces
 10709 | D:7      | Reached XP level 10. HP: 68/87 MP: 13/13
 10825 | D:8      | Reached skill level 10 in Unarmed Combat
 11036 | D:8      | Reached *** piety under Cheibriados
 11062 | D:8      | Noticed a two-headed ogre
 11070 | D:8      | Killed a two-headed ogre
 11217 | D:8      | Reached skill level 5 in Fighting
 11521 | D:4      | Learned a level 4 spell: Ice Form
 11614 | D:8      | Reached **** piety under Cheibriados
 11778 | D:8      | Noticed a three-headed hydra
 11787 | D:8      | Killed a three-headed hydra
 11787 | D:8      | Reached skill level 5 in Dodging
 11787 | D:8      | Reached skill level 5 in Invocations
 11967 | D:8      | Noticed a skeletal warrior
 11981 | D:8      | Noticed a death knight
 12217 | D:9      | Reached XP level 11. HP: 89/97 MP: 10/14
 12509 | D:9      | Found an opulent altar of Gozag.
 12654 | D:9      | Reached skill level 11 in Unarmed Combat
 13297 | D:10     | Entered Level 10 of the Dungeon
 13553 | D:10     | Noticed a two-headed ogre
 13558 | D:10     | Killed a two-headed ogre
 13558 | D:10     | Reached ***** piety under Cheibriados
 13619 | D:10     | Noticed Urug
 13902 | D:10     | Killed Urug
 13902 | D:10     | Reached skill level 1 in Armour
 14240 | D:10     | Reached skill level 1 in Throwing
 14552 | D:10     | Found a runed door.
 14571 | D:10     | Noticed an orc knight
 14602 | D:10     | Killed an orc knight
 14802 | D:10     | Found a roughly hewn altar of Beogh.
 14891 | D:11     | Found Cozxeq's Food Shop.
 15003 | D:11     | Noticed a two-headed ogre
 15012 | D:11     | Killed a two-headed ogre
 15012 | D:11     | Reached skill level 12 in Unarmed Combat
 15012 | D:11     | Reached XP level 12. HP: 85/106 MP: 11/16
 15114 | D:11     | Found Qaleej's Distillery.
 15439 | D:11     | Found a staircase to the Lair.
 15464 | D:11     | Reached ****** piety under Cheibriados
 15527 | D:11     | Found Zigeh's Weapon Shoppe.
 15614 | D:11     | Found Agoyrutenni's Weapon Shoppe.
 15936 | Lair:1   | Entered Level 1 of the Lair of Beasts
 17100 | Lair:1   | Noticed Harold
 17110 | Lair:1   | Killed Harold
 17413 | Lair:2   | Noticed Sonja
 17426 | Lair:2   | Cast into level 1 of the Abyss (Sonja)
 17509 | Abyss:1  | Noticed a thrashing horror
 17528 | Abyss:1  | Gained mutation: Your mind is acute. (Int +2) [a neqoxec]
 17538 | Abyss:1  | Killed a thrashing horror
 17579 | Abyss:1  | Noticed a tentacled starspawn
 17600 | Abyss:1  | Killed a tentacled starspawn
 17644 | Abyss:1  | Noticed a red draconian stormcaller
 17645 | Abyss:1  | Noticed a green draconian
 17648 | Abyss:1  | HP: 2/109 [red draconian stormcaller/divine providence (9)]
 17696 | Abyss:1  | Noticed a wretched star
 17701 | Abyss:1  | HP: 2/110 [wretched star/orb of energy (9)]
 17702 | Abyss:1  | Killed a wretched star
 17712 | Abyss:1  | Noticed a starcursed mass
 17768 | Abyss:1  | Noticed a wretched star
 17778 | Abyss:1  | Killed a wretched star
 17778 | Abyss:1  | Reached skill level 13 in Unarmed Combat
 17778 | Abyss:1  | Gained mutation: You can use your snake-like lower body to constrict enemies. [Naga growth]
 17778 | Abyss:1  | Reached XP level 13. HP: 8/117 MP: 13/18
 17810 | Abyss:1  | Noticed a tentacled starspawn
 17817 | Abyss:1  | Killed a tentacled starspawn
 17819 | Abyss:1  | HP: 5/117 [wretched star/orb of energy (18)]
 17828 | Abyss:1  | HP: 4/139 [fire bat (6)]
 17828 | Abyss:1  | HP: 1/139 [fire bat (3)]
 17831 | Abyss:1  | Slain by a fire bat

Skill      XL: |  1  2  3  4  5  6  7  8  9 10 11 12 13 |
---------------+----------------------------------------+-----
Unarmed Combat | 4 5 6 7 8 9 10 12 13 | 13.2
Poison Magic   | 1 2 |  2.0
Transmutations | 3 4 6 7 8 9 |  9.0
Dodging        | 3 4 5 6 |  6.9
Fighting       | 3 4 5 6 8 |  8.2
Invocations    | 3 5 6 7 8 |  8.0
Armour         | 1 3 4 |  4.0
Throwing       | 1 4 |  4.2
Spellcasting   | |  2.0

Action                   |  1- 3 |  4- 6 |  7- 9 | 10-12 | 13-15 || total
-------------------------+-------+-------+-------+-------+-------++-------
Melee: Unarmed           |   114 |   265 |   364 |   564 |    13 ||  1320
       Headbutt          |     5 |    11 |     9 |       |       ||    25
       Punch             |     1 |     2 |     9 |    41 |     2 ||    55
       Constrict         |       |       |       |       |     3 ||     3
Throw: Tomahawk          |       |       |       |    44 |       ||    44
 Cast: Beastly Appendage |     9 |    16 |    10 |       |       ||    35
       Spider Form       |     2 |     5 |    22 |    14 |       ||    43
       Sticks to Snakes  |       |     2 |       |       |       ||     2
       Blade Hands       |       |       |     3 |    30 |     1 ||    34
       Ice Form          |       |       |       |     2 |       ||     2
Invok: Bend Time         |       |       |       |     4 |       ||     4
       Slouch            |       |       |       |     1 |       ||     1
       Temporal Distorti |       |       |       |     1 |       ||     1
 Abil: Spit Poison       |       |     2 |     2 |     8 |       ||    12
       End Transformatio |       |       |       |     1 |       ||     1
  Use: Potion            |       |     5 |     5 |     6 |       ||    16
       Scroll            |       |    12 |    10 |    10 |       ||    32
 Stab: Sleeping          |       |       |     2 |     4 |       ||     6
       Distracted        |       |       |     1 |       |       ||     1
  Eat: Chunk             |     1 |    11 |    19 |    25 |       ||    56
       Royal jelly       |       |       |       |     2 |     1 ||     3
Armor: Robe              |    19 |    69 |    84 |   186 |     5 ||   363
       Skin              |     3 |     1 |    20 |    13 |       ||    37
       Ring mail         |       |     5 |       |       |       ||     5
Dodge: Dodged            |    71 |   107 |   215 |   488 |     6 ||   887
